 Dungeon Crawl Stone Soup version 0.26-a0-415-g2a9615731a (webtiles) character file.

Game seed: 14413775004996688470

231 OctopusDreams the Cudgeler (level 6, 0/47 HPs)
             Began as a Human Berserker on July 25, 2020.
             Was a Priest of Trog.
             Slain by a rat (1 damage)
             ... summoned by Eustachio
             ... on level 4 of the Dungeon.
             The game lasted 00:05:46 (4481 turns).

OctopusDreams the Cudgeler (Human Berserker)        Turns: 4481, Time: 00:05:46

Health: 0/47       AC:  3    Str: 19      XL:     6   Next: 24%
Magic:  6/6        EV: 12    Int:  7      God:    Trog [***...]
Gold:   168        SH:  0    Dex: 10 (13) Spells: 5/5 levels left

rFire    + . .     SeeInvis .   p - +0 quarterstaff
rCold    x . .     Faith    .   (shield currently unavailable)
rNeg     . . .     Spirit   .   k - +0 robe (curse)
rPois    +         Reflect  .   (no helmet)
rElec    .         Harm     .   (no cloak)
rCorr    .                      h - +0 pair of gloves
MR       ++...                  (no boots)
Stlth    +.........             (no amulet)
HPRegen  1.15/turn              r - ring of fire
MPRegen  0.10/turn              c - ring of poison resistance

@: lethally poisoned (0 -> 0), berserk cooldown, regenerating, hasted and slowed
A: no striking features
a: Berserk, Trog's Hand, Renounce Religion


You were on level 4 of the Dungeon.
You worshipped Trog.
Trog was most pleased with you.
You visited 1 branch of the dungeon, and saw 4 of its levels.

You collected 168 gold pieces.

Inventory:

Hand Weapons
 a - a +0 mace
 p - a +0 quarterstaff (weapon)
 s - a +0 long sword
Armour
 h - a +0 pair of gloves (worn)
 k - a cursed +0 robe (worn)
Jewellery
 c - a ring of poison resistance (right hand)
 r - a ring of fire (left hand)
Scrolls
 e - a scroll of immolation {unknown}
 g - 4 scrolls of teleportation {unknown}
 i - 5 scrolls of magic mapping {unknown}
 j - 2 scrolls of random uselessness {unknown}
 m - a scroll of remove curse {unknown}
 o - 2 scrolls of identify {unknown}
Potions
 b - a potion of degeneration {unknown}
 d - 4 potions of haste
 f - a potion of flight {unknown}
 l - 2 potions of ambrosia {unknown}
 n - a potion of mutation {unknown}
 q - a potion of magic {unknown}


   Skills:
 - Level 3.0 Fighting
 + Level 6.5 Maces & Flails
 - Level 2.0 Armour
 - Level 2.0 Dodging


You had 5 spell levels left.
You didn't know any spells.
Your spell library was empty.

Dungeon Overview and Level Annotations

Branches:
Dungeon (4/15)
 Temple: D:4-7

Altars:
Elyvilon
Nemelex Xobeh
Ru
The Shining One

Annotations:
D:4 Eustachio


Message History

* * * LOW HITPOINT WARNING * * *
Unknown command.
Your skin crawls.
You feel resistant to hostile enchantments.
You feel sick. The bat hits you but does no damage. The rat bites you.
* * * LOW HITPOINT WARNING * * *
The bat closely misses you.
The iron imp grinds its teeth.
Eustachio barely misses you. The quokka bites you.
* * * LOW HITPOINT WARNING * * *
Unknown command.
You feel sick. The bat hits you but does no damage.
The rat bites you but does no damage.
Eustachio casts a spell.
Eustachio blinks!
The bat hits you but does no damage. The crimson imp hits you.
* * * LOW HITPOINT WARNING * * *
Eustachio gestures wildly while chanting.
Eustachio blinks!
The rat bites you.
You die...

#.# #># #.#
#########.####
#............#
#.$..........#
#....@5r.....#
#...5.r.5....#
#..§b...@....#
#.[..........#
#............#########
#............'........
#............########.
############## #. #.


You could see Eustachio, an iron imp (summoned), 2 crimson imps, a quokka
(summoned), a bat (summoned) and a rat (summoned).

Vanquished Creatures
  A howler monkey (D:3)
  Natasha (thrice) (D:2)
  2 adders (D:2)
  A worm (D:2)
  2 dart slugs
  5 leopard geckos
  An orc (D:3)
  3 ball pythons
  A giant cockroach (D:1)
  8 goblins
  10 hobgoblins
  12 jackals
  10 kobolds
  A quokka (D:2)
  9 bats
  5 frilled lizards
  13 rats
  A fungus (D:1)
88 creatures vanquished.

Notes
Turn   | Place    | Note
-------+----------+-------------------------------------------
     0 | D:1      | OctopusDreams the Human Berserker began the quest for the
                  | Orb.
     0 | D:1      | Reached XP level 1. HP: 18/18 MP: 1/1
   192 | D:1      | Reached XP level 2. HP: 10/24 MP: 2/2
   722 | D:1      | Reached skill level 4 in Maces & Flails
   722 | D:1      | Reached XP level 3. HP: 28/29 MP: 3/3
   964 | D:1      | Reached ** piety under Trog
  1474 | D:2      | Reached XP level 4. HP: 16/35 MP: 4/4
  1888 | D:2      | Found a faded altar of an unknown god.
  2047 | D:2      | Reached skill level 5 in Maces & Flails
  2228 | D:2      | Noticed Natasha
  2241 | D:2      | Killed Natasha
  2241 | D:2      | Reached XP level 5. HP: 20/41 MP: 5/5
  2926 | D:2      | Found a white marble altar of Elyvilon.
  2952 | D:2      | Noticed Natasha
  2966 | D:2      | Killed Natasha
  3196 | D:2      | Noticed Natasha
  3203 | D:2      | Killed Natasha
  3203 | D:2      | Reached *** piety under Trog
  3203 | D:2      | Reached skill level 6 in Maces & Flails
  3370 | D:3      | Found a sparkling altar of Nemelex Xobeh.
  3371 | D:3      | Found a glowing golden altar of the Shining One.
  3383 | D:3      | Found a sacrificial altar of Ru.
  3862 | D:3      | Reached XP level 6. HP: 28/47 MP: 6/6
  4451 | D:4      | Noticed Eustachio
  4479 | D:4      | HP: 2/47 [quokka[Eustachio] (1)]
  4481 | D:4      | Slain by a rat

Illustrated notes

Levels and vault maps discovered:
D:1:      scummos_arrival_checkerplants, layout_loops_corners
D:2:      layout_basic, lemuel_coloured_pillars_altar,
          chequers_ecumenical_altar_twisty, minivault_24, uniq_natasha
D:3:      layout_basic, chequers_temple_overflow_statue_of_worship,
          nicolae_ru_awakened_eye
D:4:      layout_basic, minmay_between, uniq_eustachio

Skill      XL: |  1  2  3  4  5 |
---------------+----------------+-----
Maces & Flails | 4 5 6 |  6.5
Fighting       | |  3.0
Armour         | |  2.0
Dodging        | |  2.0

Action                   |  1- 3 |  4- 6 || total
-------------------------+-------+-------++-------
Melee: Mace              |   123 |   162 ||   285
       Quarterstaff      |       |    33 ||    33
Invok: Berserk           |       |     2 ||     2
       Trog's Hand       |       |     1 ||     1
  Use: Potion            |       |     1 ||     1
 Stab: Sleeping          |       |     1 ||     1
Armor: Animal skin       |    12 |       ||    12
       Robe              |    21 |    70 ||    91
Dodge: Dodged            |    96 |   194 ||   290

Table legend: (Time is in decaauts)
 A = Elapsed time spent in this place.
 B = Non-inter-level travel time spent in this place.
 C = Inter-level travel time spent in this place.
 D = Time resting spent in this place.
 E = Time spent auto-exploring this place.
 F = Levels seen in this place.
 G = Mean time per level.
                   A        B        C        D        E       F      G
               +--------+--------+--------+--------+--------+-----+--------+
         Total |   4534 |   4315 |    219 |    741 |   2821 |   4 | 1133.5 |
       Dungeon |   4534 |   4315 |    219 |    741 |   2821 |   4 | 1133.5 |
               +--------+--------+--------+--------+--------+-----+--------+

Top non-repeatable levels by time:
     D:2: 1900 daAuts
     D:1: 1460 daAuts
     D:3: 1115 daAuts
     D:4: 57 daAuts
